 Dungeon Crawl Stone Soup version 0.29.0-4-gdea44cf6ec (webtiles) character file.

Game seed: 8219355377729539068

3789 qw the Cleaver (level 10, -7/94 HPs)
             Began as a Gargoyle Berserker on Sept 8, 2022.
             Was a Priest of Trog.
             Mangled by a sixfirhy (10 damage)
             ... summoned by an obsidian statue
             ... on level 8 of the Dungeon.
             The game lasted 00:02:44 (9638 turns).

qw the Cleaver (Gargoyle Berserker)                 Turns: 9638, Time: 00:02:45

Health: -7/94      AC: 26    Str: 26    XL:     10   Next: 16%
Magic:  10/10      EV:  7    Int:  7    God:    Trog [***...]
Gold:   442        SH:  4    Dex:  9    Spells: 9/9 levels left

rFire   . . .      SeeInvis .   c - +0 war axe
rCold   + + .      Faith    .   r - +0 buckler
rNeg    + . .      Spirit   .   p - +0 plate armour
rPois   inf        Reflect  .   f - +0 helmet
rElec   +          Harm     .   h - +0 cloak
rCorr   .          Rampage  .   g - +0 pair of gloves
Will    .....                   k - +1 pair of boots
Stlth   ..........              b - amulet of regeneration
HPRegen 1.05/turn               d - ring of protection from cold
MPRegen 0.12/turn               o - ring of protection from cold

@: berserking, spiked, very quick
A: sickness immunity, AC +7, negative energy resistance 1, electricity
resistance, torment resistance 1, petrification resistance
a: Renounce Religion, Berserk, Trog's Hand


You were on level 8 of the Dungeon.
You worshipped Trog.
Trog was most pleased with you.
You visited 1 branch of the dungeon, and saw 9 of its levels.

You collected 442 gold pieces.


Innate Abilities, Weirdness & Mutations

You are immune to sickness and miasma.
Your stone body is resilient. (AC +7)
You are immune to poison.
You resist negative energy. (rN+)
You are resistant to electric shocks. (rElec)
You are resistant to unholy torment.
You are immune to petrification.


   Skills:
 + Level 7.1 Fighting
 - Level 10.0 Axes
 - Level 2.4 Throwing
 - Level 7.1 Armour
 - Level 1.5 Dodging
 - Level 4.1 Shields


You had 9 spell levels left.
You didn't know any spells.
Your spell library was empty.

Inventory:

Hand Weapons
 c - a +0 war axe (weapon)
 Y - a +2 hand axe of flaming
Missiles
 i - a boomerang
 j - a javelin (quivered)
Armour
 f - a +0 helmet (worn)
 g - a +0 pair of gloves (worn)
 h - a +0 cloak (worn)
 k - a +1 pair of boots (worn)
 p - a +0 plate armour (worn)
 r - a +0 buckler (worn)
Jewellery
 b - an amulet of regeneration (around neck)
 d - a ring of protection from cold (left hand)
 o - a ring of protection from cold (right hand)
 v - a ring of positive energy
Scrolls
 a - 6 scrolls of teleportation
 e - a scroll of identify
 t - a scroll of fear {unknown}
Potions
 l - a potion of haste
 m - a potion of heal wounds
 n - 9 potions of curing
 q - a potion of mutation
 s - a potion of might {unknown}
 u - a potion of cancellation {unknown}

Dungeon Overview and Level Annotations

Branches:
Dungeon (9/15)             Temple (0/1) D:6
   Lair: D:8-11         Orc: D:9-12

Altars:
Cheibriados
Elyvilon
Ru
Trog
Xom
Zin

Shops:
D:1 (

Annotations:
D:4 1 runed translucent door, qw's ghost, amateur MiFi


Message History

The sixfirhy hits you. The sixfirhy shocks you. You resist.
The quasit bites you but does no damage.
The quasit claws you but does no damage. x2
You block the sixfirhy's attack. The red devil barely misses you.
The orange demon stings you but does no damage.
You barely miss the quasit.
The quasit is severely wounded.
You miss the sixfirhy.
Your attacks no longer feel as feeble.
The sixfirhy completely misses you. The sixfirhy hits you.
The sixfirhy shocks you. You resist. The quasit closely misses you.
The quasit claws you but does no damage. x2
The red devil barely misses you.
You hit the quasit.
The quasit is severely wounded.
You slash the sixfirhy!
The quasit bites you but does no damage.
You block the quasit's attack.
The quasit claws you but does no damage.
You block the orange demon's attack.
You miss the quasit.
The quasit is severely wounded.
You miss the sixfirhy.
The red devil hits you from afar with a +0 trident!
Barbed spikes become lodged in your body.
The quasit barely misses you. The quasit closely misses you.
The quasit barely misses you.
The obsidian statue slips into the dungeon's darkness for a moment.
The orange demon stings you but does no damage.
You barely miss the quasit.
The quasit is severely wounded.
You miss the sixfirhy. The quasit closely misses you.
The quasit claws you but does no damage. x2
The red devil hits you but does no damage.
You barely miss the quasit.
The quasit is severely wounded.
You barely miss the sixfirhy. The sixfirhy hits you!
You die...

### #..#...#.## ##........##
#........# #.........#
###..####..### #.....###.. ##
##..#..#8#.##.###.....# ##. .##
#..#...#}###.........## #. ..#
########5#####.......# ##. ..#
#(44# #........# #.. ..#
##.53####.#.....####.. ..#
###...5@###..###...##...
..########.........########......
............................####.
.#..........................# ##
.##########################.# .#
#.## .# ##.# # ## ### #.#### #.##
##.....


You could see an obsidian statue, an orange demon (summoned), a sixfirhy
(summoned), a red devil (summoned), 2 quasits and a white imp (summoned).

Vanquished Creatures
  A kobold demonologist (D:5)
  Prince Ribbit (D:6)
  A yak (D:5)
  Eustachio (D:6)
  2 wyverns (D:8)
  2 steam dragons (D:8)
  Menkaure (D:4)
  An acid dragon (D:6)
  4 ice beasts
  A black bear (D:7)
  An ogre (D:5)
  A centaur (D:7)
  A phantom (D:5)
  3 bullfrogs (D:8)
  2 scorpions (D:5)
  2 necrophages
  A gnoll sergeant (D:8)
  5 wights (D:7)
  3 killer bees (D:7)
  An electric eel (D:7)
  A howler monkey (D:6)
  4 jellies
  2 hounds (D:5)
  A gnoll bouda (D:8)
  4 orc wizards
  Terence (D:3)
  2 iguanas
  Robin (D:3)
  11 gnolls
  3 adders
  2 worms
  3 dart slugs
  10 orcs
  7 ball pythons
  5 endoplasms
  A giant cockroach (D:1)
  22 goblins
  9 hobgoblins
  4 jackals (D:2)
  5 kobolds (D:2)
  3 quokkas
  10 bats
  5 frilled lizards
  7 rats
158 creatures vanquished.

Notes
Turn   | Place    | Note
-------+----------+-------------------------------------------
     0 | D:1      | qw the Gargoyle Berserker began the quest for the Orb.
     0 | D:1      | Reached XP level 1. HP: 14/14 MP: 1/1
     0 | D:1      | 0 ||| qw: Version: 0.1-a-112-g44dc6cd
     0 | D:1      | 0 ||| qw: Game counter: 6835
     0 | D:1      | 0 ||| qw: Always use a shield: true
     0 | D:1      | 0 ||| qw: Do Orc after D:15 true
     0 | D:1      | 0 ||| qw: Do second Lair branch before Depths: true
     0 | D:1      | 0 ||| qw: Lair rune preference: random
     0 | D:1      | 0 ||| qw: Plans: Normal
     0 | D:1      | 0 ||| PLANNING D:1-11
     5 | D:1      | 5 ||| Stepping ~*~*~tactically~*~*~ (water).
    14 | D:1      | 14 ||| INVOKING Berserk.
    16 | D:1      | HP: 5/21 [hobgoblin (4)]
   465 | D:1      | Reached skill level 3 in Axes
   502 | D:1      | Reached XP level 2. HP: 19/19 MP: 2/2
   877 | D:1      | 877 ||| DROPPING +0 club.
   878 | D:1      | 878 ||| Stepping ~*~*~tactically~*~*~ (stealth).
   879 | D:1      | 879 ||| Stepping ~*~*~tactically~*~*~ (stealth).
   884 | D:1      | Found Xisuir's Weapon Shop.
   886 | D:1      | 886 ||| Stepping ~*~*~tactically~*~*~ (stealth).
  1088 | D:1      | 1088 ||| Stepping ~*~*~tactically~*~*~ (hiding).
  1192 | D:1      | 1192 ||| Stepping ~*~*~tactically~*~*~ (hiding).
  1294 | D:1      | 1294 ||| Stepping ~*~*~tactically~*~*~ (hiding).
  1396 | D:1      | 1396 ||| Stepping ~*~*~tactically~*~*~ (hiding).
  1465 | D:1      | Reached XP level 3. HP: 23/23 MP: 3/3
  1471 | D:1      | Reached skill level 1 in Throwing
  1598 | D:1      | 1598 ||| READING 2 scrolls labelled ORUWNE JIUG.
  1602 | D:1      | 1602 ||| READING 3 scrolls labelled IFEAR EVETHRYVEANY.
  1603 | D:1      | 1603 ||| READING scroll labelled IDEUSM RIMN.
  1604 | D:1      | 1604 ||| READING 3 scrolls labelled VIPAZAB SYFY.
  1605 | D:1      | 1605 ||| READING scroll labelled ABLOTWEEBO.
  1606 | D:1      | 1606 ||| DRINKING 2 purple potions.
  1607 | D:1      | 1607 ||| READING 2 scrolls of identify.
  1607 | D:1      | 1607 ||| IDENTIFYING murky emerald potion
  1608 | D:1      | 1608 ||| DROPPING potion of brilliance.
  1609 | D:1      | 1609 ||| DROPPING 2 scrolls of poison.
  1635 | D:2      | 1635 ||| STAIRDANCE
  1644 | D:2      | 1644 ||| STAIRDANCE
  1863 | D:2      | 1863 ||| Stepping ~*~*~tactically~*~*~ (stealth).
  1867 | D:2      | 1867 ||| Stepping ~*~*~tactically~*~*~ (stealth).
  1871 | D:2      | 1871 ||| Stepping ~*~*~tactically~*~*~ (stealth).
  1873 | D:2      | 1873 ||| Stepping ~*~*~tactically~*~*~ (stealth).
  1874 | D:2      | 1874 ||| Stepping ~*~*~tactically~*~*~ (stealth).
  1875 | D:2      | 1875 ||| Stepping ~*~*~tactically~*~*~ (stealth).
  1895 | D:2      | 1895 ||| Stepping ~*~*~tactically~*~*~ (stealth).
  1897 | D:2      | 1897 ||| Stepping ~*~*~tactically~*~*~ (stealth).
  1906 | D:2      | 1906 ||| Stepping ~*~*~tactically~*~*~ (stealth).
  2078 | D:2      | 2078 ||| Stepping ~*~*~tactically~*~*~ (stealth).
  2085 | D:2      | Reached skill level 4 in Axes
  2110 | D:2      | 2110 ||| Stepping ~*~*~tactically~*~*~ (hiding).
  2112 | D:2      | 2112 ||| INVOKING Berserk.
  2125 | D:2      | 2125 ||| Stepping ~*~*~tactically~*~*~ (stealth).
  2126 | D:2      | 2126 ||| Stepping ~*~*~tactically~*~*~ (stealth).
  2182 | D:2      | 2182 ||| FLEEEEING.
  2250 | D:2      | 2250 ||| FLEEEEING.
  2251 | D:2      | 2251 ||| FLEEEEING.
  2252 | D:2      | 2252 ||| FLEEEEING.
  2253 | D:2      | 2253 ||| FLEEEEING.
  2415 | D:2      | Reached ** piety under Trog
  2416 | D:2      | Reached XP level 4. HP: 28/28 MP: 4/4
  2490 | D:2      | 2490 ||| Stepping ~*~*~tactically~*~*~ (hiding).
  2592 | D:2      | 2592 ||| Stepping ~*~*~tactically~*~*~ (hiding).
  2694 | D:2      | 2694 ||| Stepping ~*~*~tactically~*~*~ (hiding).
  2796 | D:2      | 2796 ||| Stepping ~*~*~tactically~*~*~ (hiding).
  2841 | D:2      | Found a sacrificial altar of Ru.
  2897 | D:2      | 2897 ||| Stepping ~*~*~tactically~*~*~ (stealth).
  2899 | D:2      | 2899 ||| Stepping ~*~*~tactically~*~*~ (stealth).
  2901 | D:2      | 2901 ||| Stepping ~*~*~tactically~*~*~ (stealth).
  2950 | D:2      | Found a faded altar of an unknown god.
  2951 | D:2      | 2951 ||| Stepping ~*~*~tactically~*~*~ (stealth).
  2953 | D:2      | 2953 ||| Stepping ~*~*~tactically~*~*~ (stealth).
  2955 | D:2      | 2955 ||| Stepping ~*~*~tactically~*~*~ (stealth).
  2990 | D:2      | 2990 ||| DROPPING +0 mace.
  3088 | D:2      | 3088 ||| UPGRADING to +0 ring mail.
  3098 | D:2      | 3098 ||| DROPPING +0 animal skin.
  3099 | D:2      | 3099 ||| UPGRADING to ring of protection from cold.
  3100 | D:2      | 3100 ||| READING scroll labelled YJELEUTZAOS.
  3101 | D:2      | 3101 ||| DROPPING +0 flail.
  3102 | D:2      | 3102 ||| READING 2 scrolls of identify.
  3102 | D:2      | 3102 ||| IDENTIFYING fizzy grey potion
  3103 | D:2      | 3103 ||| DROPPING potion of degeneration.
  3217 | D:3      | Noticed Robin
  3223 | D:3      | 3223 ||| INVOKING Berserk.
  3228 | D:3      | Killed Robin
  3247 | D:3      | 3247 ||| Stepping ~*~*~tactically~*~*~ (stealth).
  3248 | D:3      | 3248 ||| Stepping ~*~*~tactically~*~*~ (stealth).
  3249 | D:3      | 3249 ||| Stepping ~*~*~tactically~*~*~ (stealth).
  3255 | D:3      | 3255 ||| Stepping ~*~*~tactically~*~*~ (stealth).
  3259 | D:3      | 3259 ||| Stepping ~*~*~tactically~*~*~ (stealth).
  3436 | D:3      | Reached XP level 5. HP: 32/32 MP: 5/5
  3562 | D:3      | Noticed Terence
  3566 | D:3      | 3566 ||| INVOKING Berserk.
  3573 | D:3      | Killed Terence
  3574 | D:3      | Reached skill level 5 in Axes
  3684 | D:3      | 3684 ||| UPGRADING to +0 helmet.
  3689 | D:3      | 3689 ||| UPGRADING to +0 pair of gloves.
  3694 | D:3      | 3694 ||| UPGRADING to +0 chain mail.
  3704 | D:3      | 3704 ||| DROPPING +0 ring mail.
  3705 | D:3      | 3705 ||| UPGRADING to amulet of regeneration.
  3710 | D:3      | 3710 ||| DRINKING 2 fuming amethyst potions.
  3711 | D:3      | 3711 ||| DRINKING 2 bubbling inky potions.
  3712 | D:3      | 3712 ||| DROPPING potion of flight.
  3832 | D:4      | Noticed Menkaure
  3833 | D:4      | 3833 ||| INVOKING Berserk.
  3835 | D:4      | Killed Menkaure
  3836 | D:4      | Reached XP level 6. HP: 40/40 MP: 6/6
  4042 | D:4      | 4042 ||| Stepping ~*~*~tactically~*~*~ (hiding).
  4043 | D:4      | 4043 ||| INVOKING Berserk.
  4177 | D:4      | Found a white marble altar of Elyvilon.
  4178 | D:4      | Found a bloodstained altar of Trog.
  4178 | D:4      | Found a glowing silver altar of Zin.
  4180 | D:4      | Reached *** piety under Trog
  4181 | D:4      | Found a shimmering altar of Xom.
  4240 | D:4      | Noticed qw's ghost (amateur MiFi)
  4243 | D:4      | Found a runed translucent door.
  4298 | D:4      | Reached skill level 3 in Armour
  4423 | D:4      | 4423 ||| UPGRADING to +1 pair of boots.
  4436 | D:5      | Entered Level 5 of the Dungeon
  4526 | D:5      | 4526 ||| Stepping ~*~*~tactically~*~*~ (stealth).
  4529 | D:5      | 4529 ||| INVOKING Berserk.
  4697 | D:5      | Reached skill level 6 in Axes
  4697 | D:5      | Reached XP level 7. HP: 44/44 MP: 7/7
  4783 | D:5      | 4783 ||| Stepping ~*~*~tactically~*~*~ (hiding).
  4809 | D:5      | 4809 ||| INVOKING Berserk.
  4814 | D:5      | HP: 7/66 [ogre/+0 giant club (19)]
  4972 | D:5      | Reached skill level 7 in Axes
  5178 | D:5      | Reached XP level 8. HP: 50/50 MP: 8/8
  5183 | D:5      | Noticed a yak
  5184 | D:5      | 5184 ||| Stepping ~*~*~tactically~*~*~ (stealth).
  5198 | D:5      | Killed a yak
  5209 | D:5      | 5209 ||| Stepping ~*~*~tactically~*~*~ (stealth).
  5210 | D:5      | 5210 ||| Stepping ~*~*~tactically~*~*~ (stealth).
  5373 | D:5      | Noticed a kobold demonologist
  5374 | D:5      | 5374 ||| Stepping ~*~*~tactically~*~*~ (stealth).
  5375 | D:5      | 5375 ||| Stepping ~*~*~tactically~*~*~ (stealth).
  5376 | D:5      | 5376 ||| UPGRADING to +0 plate armour.
  5386 | D:5      | 5386 ||| DROPPING +0 chain mail.
  5387 | D:5      | 5387 ||| READING scroll labelled ORAOZ NEINOUTZ.
  5396 | D:5      | Noticed a smoke demon
  5415 | D:5      | Noticed a ynoxinul
  5420 | D:5      | 5420 ||| INVOKING Berserk.
  5421 | D:5      | Killed a kobold demonologist
  5562 | D:6      | You fall into a shaft and drop 3 floors!
  5593 | D:8      | 5593 ||| Stepping ~*~*~tactically~*~*~ (hiding).
  5598 | D:8      | 5598 ||| INVOKING Berserk.
  5628 | D:8      | 5628 ||| Stepping ~*~*~tactically~*~*~ (stealth).
  5676 | D:8      | 5676 ||| INVOKING Berserk.
  5679 | D:8      | Reached skill level 8 in Axes
  5912 | D:8      | Reached skill level 6 in Fighting
  5912 | D:8      | Reached XP level 9. HP: 52/55 MP: 9/9
  6009 | D:8      | 6009 ||| UPGRADING to +0 cloak.
  6014 | D:8      | 6014 ||| UPGRADING to ring of protection from cold.
  6028 | D:7      | 6028 ||| Stepping ~*~*~tactically~*~*~ (stealth).
  6037 | D:7      | 6037 ||| INVOKING Berserk.
  6039 | D:7      | Reached skill level 6 in Armour
  6214 | D:6      | 6214 ||| INVOKING Berserk.
  6465 | D:6      | 6465 ||| INVOKING Berserk.
  6600 | D:6      | Found a staircase to the Ecumenical Temple.
  6622 | D:6      | 6622 ||| FLEEEEING.
  6623 | D:6      | 6623 ||| FLEEEEING.
  6624 | D:6      | 6624 ||| FLEEEEING.
  6625 | D:6      | 6625 ||| FLEEEEING.
  6626 | D:6      | 6626 ||| FLEEEEING.
  6632 | D:6      | Noticed Prince Ribbit
  6634 | D:6      | 6634 ||| INVOKING Berserk.
  6645 | D:6      | Reached skill level 9 in Axes
  6647 | D:6      | Killed Prince Ribbit
  6823 | D:6      | 6823 ||| Stepping ~*~*~tactically~*~*~ (stealth).
  6824 | D:6      | Noticed Eustachio
  6825 | D:6      | 6825 ||| Stepping ~*~*~tactically~*~*~ (stealth).
  6831 | D:6      | 6831 ||| INVOKING Berserk.
  6837 | D:6      | Killed Eustachio
  7292 | D:6      | 7292 ||| READING scroll labelled RAR JISMUMURRI.
  7304 | D:6      | 7304 ||| READING scroll labelled VUUXEC GABBEVYTS.
  7392 | D:7      | Found a snail-covered altar of Cheibriados.
  7409 | D:7      | 7409 ||| READING scroll of enchant weapon.
  7409 | D:7      | 7409 ||| ENCHANTING +1 hand axe of flaming.
  7468 | D:7      | 7468 ||| INVOKING Berserk.
  7775 | D:7      | 7775 ||| Stepping ~*~*~tactically~*~*~ (stealth).
  7959 | D:7      | 7959 ||| INVOKING Berserk.
  8167 | D:7      | 8167 ||| INVOKING Berserk.
  8325 | D:7      | 8325 ||| UPGRADING to +0 buckler.
  8330 | D:7      | 8330 ||| READING 4 scrolls of identify.
  8330 | D:7      | 8330 ||| IDENTIFYING glowing cyan potion
  8331 | D:7      | 8331 ||| READING 3 scrolls of identify.
  8331 | D:7      | 8331 ||| IDENTIFYING red potion
  8332 | D:7      | 8332 ||| READING 2 scrolls of identify.
  8332 | D:7      | 8332 ||| IDENTIFYING silvery potion
  8333 | D:7      | 8333 ||| DROPPING potion of lignification.
  8360 | D:8      | Reached skill level 1 in Shields
  8363 | D:8      | Reached XP level 10. HP: 55/63 MP: 10/10
  8378 | D:8      | 8378 ||| SWAPPING to +0 war axe.
  8698 | D:8      | 8698 ||| INVOKING Berserk.
  8704 | D:8      | Reached skill level 3 in Shields
  9119 | D:8      | Reached skill level 10 in Axes
  9278 | D:8      | Noticed an obsidian statue
  9283 | D:8      | Noticed an orange demon
  9283 | D:8      | 9283 ||| INVOKING Berserk.
  9297 | D:8      | Noticed a sun demon
  9302 | D:8      | Noticed an orange demon
  9303 | D:8      | HP: 19/94 [sun demon[an obsidian statue] (16)]
  9305 | D:8      | 9305 ||| READING 7 scrolls of teleportation.
  9306 | D:8      | 9306 ||| DRINKING 2 potions of heal wounds.
  9617 | D:8      | Noticed an orange demon
  9617 | D:8      | 9617 ||| Stepping ~*~*~tactically~*~*~ (hiding).
  9627 | D:8      | Noticed a sixfirhy
  9627 | D:8      | Noticed an orange demon
  9632 | D:8      | 9632 ||| INVOKING Berserk.
  9633 | D:8      | HP: 23/94 [sixfirhy[an obsidian statue] (5)]
  9634 | D:8      | HP: 10/94 [sixfirhy[an obsidian statue] (3)]
  9636 | D:8      | HP: 2/94 [red devil/+0 trident[an obsidian statue] (10)]
  9638 | D:8      | Mangled by a sixfirhy

Levels and vault maps discovered:
D:1:      reono_arrival_forest_river, layout_loops_ring, serial_shops,
          nicolae_shop_statue_plus
D:2:      minmay_recursive_quarters, layout_rooms, basic_altar,
          nicolae_ecumenical_snake_handling
D:3:      layout_rooms, uniq_robin, uniq_terence
D:4:      layout_basic, chequers_temple_overflow_statue_of_worship,
          hellmonk_ghost_happy_afterlife, uniq_menkaure
D:5:      layout_loops_ring, minmay_misc_feat_tiny, minmay_manual_monstrance
D:6:      layout_loops_ring, minmay_temple_entry_mini_moons,
          uniq_prince_ribbit1, uniq_eustachio
D:7:      layout_basic, kennysheep_slug_shrine, kennysheep_cross_bottleneck
D:8:      minmay_statue_hallways, layout_layer_cave, enter_bailey_4,
          minmay_misc_feat_doors
D:9:      layout_basic, david_orc_5, serial_shops, nicolae_shop_statue_plus,
          chequers_serial_rivers_micro_c

Skill      XL: |  1  2  3  4  5  6  7  8  9 10 |
---------------+-------------------------------+-----
Axes           | 3 4 5 6 7 8 9 10 | 10.0
Throwing       | 1 2 |  2.4
Fighting       | 4 5 6 7 |  7.1
Armour         | 3 4 5 7 |  7.1
Shields        | 1 4 |  4.1
Dodging        | |  1.5

Action                   |  1- 3 |  4- 6 |  7- 9 | 10-12 || total
-------------------------+-------+-------+-------+-------++-------
Melee: Hand axe          |   126 |   110 |   242 |    10 ||   488
       Punch             |     1 |     2 |     3 |       ||     6
       War axe           |       |       |       |    65 ||    65
Throw: Javelin           |    16 |    30 |    25 |    10 ||    81
       Boomerang         |    10 |    10 |    16 |       ||    36
Invok: Berserk           |     2 |     5 |    12 |     3 ||    22
  Use: Scroll            |     6 |     2 |     7 |     1 ||    16
       Potion            |     1 |     2 |       |     1 ||     4
Armor: Animal skin       |    44 |    19 |       |       ||    63
       Ring mail         |       |    10 |       |       ||    10
       Chain mail        |       |    20 |    44 |       ||    64
       Plate armour      |       |       |   163 |   106 ||   269
Dodge: Dodged            |    67 |    29 |    82 |    37 ||   215
Block: Buckler           |       |       |     3 |    26 ||    29

Table legend:
 A = Non-vault XP
 B = Vault XP
 C = Vault XP percentage of total XP
 D = Non-vault monster count
 E = Vault monster count
 F = Vault count percentage of total count
                 A         B        C        D         E       F
            +---------+---------+-------+---------+---------+-------
      Total |    3943 |    1471 |  27.2 |     119 |      39 |  24.7
            +---------+---------+-------+---------+---------+-------
        D:1 |      43 |       0 |   0.0 |      23 |       0 |   0.0
        D:2 |      34 |      33 |  49.3 |      16 |      15 |  48.4
        D:3 |      20 |      71 |  78.0 |      13 |      13 |  50.0
        D:4 |     104 |     165 |  61.3 |       9 |       1 |  10.0
        D:5 |     688 |     713 |  50.9 |      16 |       7 |  30.4
        D:6 |     501 |     485 |  49.2 |       9 |       2 |  18.2
        D:7 |    1170 |       4 |   0.3 |      15 |       1 |   6.2
        D:8 |    1383 |       0 |   0.0 |      18 |       0 |   0.0
            +---------+---------+-------+---------+---------+-------
